 Dungeon Crawl Stone Soup version 0.19.1-28-ge1247f7 (webtiles) character file.

287 TryAgain the Chiller (level 6, -3/32 HPs)
             Began as a Deep Elf Ice Elementalist on Jan 21, 2017.
             Was an Initiate of Vehumet.
             Slain by an ice beast (10 damage)
             ... on level 6 of the Dungeon.
             The game lasted 00:28:10 (5005 turns).

TryAgain the Chiller (Deep Elf Ice Elementalist)    Turns: 5005, Time: 00:28:13

Health: -3/32      AC:  4    Str:  6    XL:     6   Next: 8%
Magic:  8/14       EV: 13    Int: 21    God:    Vehumet [......]
Gold:   220        SH:  0    Dex: 15    Spells: 4 memorised, 3 levels left

rFire  . . .     SeeInvis .     q - +7 lajatang of Order {silver, rMut}
rCold  . . .     Gourm    .     r - +0 leather armour
rNeg   . . .     Faith    .     (shield currently unavailable)
rPois  +         Spirit   .     (no helmet)
rElec  .         Reflect  .     p - +0 cloak
rCorr  .         Harm     .     (no gloves)
rMut   +                        (no boots)
MR     .....                    (no amulet)
Stlth  ++........               (no ring)
                                g - ring of poison resistance

@: no status effects
A: no striking features
a: Renounce Religion


You were on level 6 of the Dungeon.
You worshipped Vehumet.
Vehumet was noncommittal.
You were not hungry.

You visited 2 branches of the dungeon, and saw 7 of its levels.

You collected 220 gold pieces.

Inventory:

Hand Weapons
 d - a +0 hunting sling
 m - a +2 dagger of flaming
 q - the +7 lajatang of Order (weapon) {silver, rMut}
   (You found it on level 4 of the Dungeon)

   It protects you from mutation.
Missiles
 h - 61 stones (quivered)
 v - 21 poisoned needles
Armour
 a - a +0 robe
 e - the +1 plate armour "Xaaps" {rPois rF+ rC+ rCorr}
   (You found it on level 4 of the Dungeon)

   It protects you from fire.
   It protects you from cold.
   It protects you from poison.
   It protects you from acid and corrosion.
 p - a +0 cloak (worn)
 r - a +0 leather armour (worn)
Jewellery
 g - a ring of poison resistance (left hand)
Potions
 n - a potion of cancellation
 t - 2 potions of heal wounds
Books
 b - a book of Frost

   Spells                             Type                      Level
   a - Freeze                         Ice                          1
   b - Throw Frost                    Conjuration/Ice              2
   c - Ozocubu's Armour               Charms/Ice                   3
   d - Throw Icicle                   Conjuration/Ice              4
   e - Summon Ice Beast               Ice/Summoning                4
Comestibles
 c - 5 bread rations
 i - 4 fruits
 k - a slice of pizza


   Skills:
 + Level 4.2 Dodging
 + Level 3.9 Stealth
 + Level 4.1 Spellcasting
 + Level 2.3 Conjurations
 + Level 2.3 Charms
 + Level 1.3 Summonings
 - Level 4.5 Ice Magic


You had 3 spell levels left.
You knew the following spells:

 Your Spells              Type           Power        Failure   Level  Hunger
a - Freeze                Ice            ###.         2%          1    None
b - Throw Frost           Conj/Ice       ###...       8%          2    #......
c - Ozocubu's Armour      Chrm/Ice       ###.....     17%         3    ###....
d - Summon Ice Beast      Ice/Summ       ###.....     69%         4    ####...


Dungeon Overview and Level Annotations

Branches:
Dungeon (6/15)             Temple (1/1) D:4

Altars:
Ashenzari
Cheibriados
Dithmenos
Elyvilon
Gozag
Hepliaklqana
Kikubaaqudgha
Makhleb
Nemelex Xobeh
Okawaru
Qazlal
Ru
Sif Muna
Trog
Uskayaw
Vehumet
Xom
Yredelemnul
Zin
The Shining One

Annotations:
D:3 Sigmund
D:4 Thomus's ghost, amateur HOFi


Message History

The jelly hits you but does no damage. The ice beast hits you.
The ice beast freezes you!
* * * LOW HITPOINT WARNING * * *
Casting: Freeze
Confirm with . or Enter, or press ? or * to list all spells.
Aiming: Freeze
Press: ? - help, Shift-Dir - straight line, f/p - jelly
Aim: a jelly (almost dead)
You freeze the jelly.
You kill the jelly!
Vehumet accepts your kill.
Your Charms skill increases to level 2!
You have reached level 6!
Your experience leads to an increase in your attributes!
Increase (S)trength, (I)ntelligence, or (D)exterity?
You feel stronger. The ice beast hits you.
* * * LOW HITPOINT WARNING * * *
The ice beast freezes you!
You die...

...# .. ..
!.. . ..#.
..# ..
.#.##.# ...
.....#
#...#..#.##
.....#.<#
..#.#.†#..#
.......@..#
.....#.Y#...#
........<##.#
#(...#.... .#
........#.# #
...........
......#.#.##
......#.# #


You could see an ice beast.

Vanquished Creatures
  A jelly (D:6)
  3 worker ants
  9 adders
  3 gnolls (D:2)
  3 worms
  4 dart slugs
  4 leopard geckos
  2 orcs
  A giant cockroach (D:1)
  7 goblins
  9 hobgoblins
  4 bats
  A frilled lizard (D:5)
  9 kobolds
  7 rats
67 creatures vanquished.

Notes
Turn   | Place    | Note
-------+----------+-------------------------------------------
     0 | D:1      | TryAgain the Deep Elf Ice Elementalist began the quest for the Orb.
     0 | D:1      | Reached XP level 1. HP: 10/10 MP: 6/6
   544 | D:1      | Reached XP level 2. HP: 15/15 MP: 6/8
   922 | D:1      | Learned a level 2 spell: Throw Frost
   961 | D:2      | Found a faded altar of an unknown god.
  1352 | D:2      | Reached XP level 3. HP: 13/19 MP: 7/10
  1488 | D:2      | Found a shattered altar of Ashenzari.
  2234 | D:2      | Reached XP level 4. HP: 19/24 MP: 5/11
  3042 | D:3      | Found a basalt altar of Yredelemnul.
  3266 | D:3      | Noticed Sigmund
  3397 | D:4      | Learned a level 3 spell: Ozocubu's Armour
  3402 | D:4      | Learned a level 4 spell: Summon Ice Beast
  3427 | D:4      | Reached XP level 5. HP: 28/28 MP: 10/13
  3445 | D:4      | Noticed Thomus's ghost (amateur HOFi)
  3476 | D:4      | Found a white marble altar of Elyvilon.
  3630 | D:5      | Entered Level 5 of the Dungeon
  3892 | D:5      | Noticed a sky beast
  3936 | D:5      | Noticed a sky beast
  3976 | D:4      | Reached skill level 1 in Charms
  4020 | D:4      | Found a staircase to the Ecumenical Temple.
  4023 | D:4      | Got a steaming plate armour
  4035 | Temple   | Entered the Ecumenical Temple
  4049 | Temple   | Identified the cursed +1 plate armour "Xaaps" {rPois rF+ rC+ rCorr} (You found it on level 4 of the Dungeon)
  4100 | Temple   | Became a worshipper of Vehumet
  4150 | D:4      | Reached skill level 1 in Summonings
  4527 | D:5      | Noticed a centaur
  4528 | D:5      | Noticed a centaur
  4997 | D:6      | Noticed an ice beast
  5005 | D:6      | Reached XP level 6. HP: 8/32 MP: 8/14
  5005 | D:6      | Slain by an ice beast

Skill      XL: |  1  2  3  4  5 |
---------------+----------------+-----
Dodging        | 3 4 |  4.2
Stealth        | 3 |  3.9
Ice Magic      | 4 |  4.5
Spellcasting   | 4 |  4.1
Conjurations   | 2 |  2.3
Charms         | 2 |  2.3
Summonings     | 1 |  1.3

Action                   |  1- 3 |  4- 6 || total
-------------------------+-------+-------++-------
Melee: Club              |     2 |       ||     2
       Dagger            |    12 |       ||    12
       Lajatang          |       |     4 ||     4
 Fire: Hunting sling     |    19 |     3 ||    22
 Cast: Freeze            |    39 |    68 ||   107
       Throw Frost       |       |     9 ||     9
  Use: Potion            |     3 |     1 ||     4
       Scroll            |       |     8 ||     8
 Stab: Sleeping          |     1 |       ||     1
  Eat: Chunk             |     4 |     8 ||    12
Armor: Robe              |     7 |       ||     7
       Leather armour    |     2 |    14 ||    16
       Skin              |       |     1 ||     1
Dodge: Dodged            |    51 |    47 ||    98
